 Dungeon Crawl Stone Soup version 0.16-a0-2063-g87d9768 (webtiles) character file.

365383 Fiveotanaka the Slayer (level 22, -20/263 HPs)
             Began as an Ogre Berserker on Nov 12, 2014.
             Was the Champion of Trog.
             Demolished by Mennas
             ... wielding a +2 long sword of holy wrath
              (22 damage)
             ... on level 4 of the Vaults.
             The game lasted 05:00:12 (57320 turns).

Fiveotanaka the Slayer (Ogre Berserker)            Turns: 57320, Time: 05:00:12

Health: -20/263    AC: 19    Str: 28    XL:     22   Next: 54%
Magic:  20/20      EV: 31    Int:  9    God:    Trog [******]
Gold:   3859       SH:  2    Dex: 25    Spells: 0 memorised, 21 levels left

rFire  + . .     SeeInvis +     g - +5 giant spiked club of Diyrun {freeze, Dex+2 SInv}
rCold  + + .     Rnd*Rage +     r - +0 ice dragon armour
rNeg   . . .     SustAb   .     (shield restricted)
rPois  +         Gourm    .     l - +0 hat
rElec  +         Spirit   .     X - +1 cloak
rCorr  .         Warding  .     (gloves unavailable)
rMut   .         Stasis   .     (boots unavailable)
MR     ++...                    L - amulet of faith
Stlth  ..........               B - +6 ring of dexterity
                                K - ring "Greusicy" {rElec rPois rF+ EV+3 Stlth-}

@: very slightly contaminated, hasted, glowing, silenced, very quick, very
resistant to hostile enchantments, extremely unstealthy
A: unfitting armour, fangs 1, large bone plates 1, thin skeletal structure 1,
berserk 1, clever 1, fire resistance 1, regeneration 1, tough skin 1, evolution
2, MP-powered wands 1
a: Renounce Religion
}: 2/15 runes: barnacled, gossamer


You were on level 4 of the Vaults.
You worshipped Trog.
Trog was exalted by your worship.
You were hungry.

You visited 7 branches of the dungeon, and saw 46 of its levels.
You also visited: Labyrinth, Ossuary and Ice Cave.

You collected 5462 gold pieces.
You spent 1603 gold pieces at shops.

Inventory:

Hand weapons
 g - the +5 giant spiked club of Diyrun (weapon) {freeze, Dex+2 SInv}
   (Trog gifted it to you on level 13 of the Dungeon)

   It has been specially enchanted to freeze those struck by it, causing extra
   injury to most foes and up to double damage against particularly susceptible
   opponents.
   It can also slow down cold-blooded creatures.
   It affects your dexterity (+2).
   It enhances your eyesight.
 m - the +11 great mace "Duteqef" {vamp, rElec rC+}
   (Trog gifted it to you on level 2 of the Vaults)

   It inflicts no extra harm, but heals its wielder somewhat when it strikes a
   living foe.
   It protects you from cold.
   It insulates you from electricity.
 Q - the +8 giant club of the Crypt {crush, rC+ MR+}
   (Trog gifted it to you on level 3 of the Orcish Mines)

   It inflicts extra damage upon your enemies.
   It protects you from cold.
   It affects your resistance to hostile enchantments.
 W - the +6 giant spiked club "Twedaq" {flame, +Rage}
   (Trog gifted it to you on level 8 of the Lair of Beasts)

   It emits flame when wielded, causing extra injury to most foes and up to
   double damage against particularly susceptible opponents.
   It lets you go berserk.
Missiles
 T - 76 large rocks (quivered)
Armour
 l - a +0 hat (worn)
 r - a +0 ice dragon armour (worn)
 X - a +1 cloak (worn)
Jewellery
 u - the amulet "Schoit" {Ward rElec rN++}
   (You acquired it on level 1 of the Shoals)

   [amulet of warding]

   It may prevent the melee attacks of summoned creatures.
   It insulates you from electricity.
   It greatly protects you from negative energy.
 w - an uncursed ring of protection from cold
 A - a +4 ring of protection
 B - a +6 ring of dexterity (right hand)
 D - an uncursed ring of protection from fire
 G - an uncursed amulet of clarity
 K - the ring "Greusicy" (left hand) {rElec rPois rF+ EV+3 Stlth-}
   (You found it in an ice cave)

   [ring of evasion]

   It affects your evasion (+3).
   It protects you from fire.
   It insulates you from electricity.
   It protects you from poison.
   It makes you less stealthy.
 L - an amulet of faith (around neck)
Magical devices
 a - a wand of hasting (4)
 h - a wand of teleportation (5)
 o - a wand of heal wounds (3)
 y - a wand of digging (8)
 z - a wand of enslavement (14)
 P - a wand of disintegration (7)
 U - a wand of digging (14)
Scrolls
 f - 4 scrolls of recharging
 j - 21 scrolls of remove curse
 k - 2 scrolls of fog
 n - 3 scrolls of blinking
 p - 3 scrolls of summoning
 q - 3 scrolls of fear
 s - a scroll of enchant weapon
 x - 15 scrolls of teleportation
 I - 2 scrolls of identify
 S - 3 scrolls of magic mapping
Potions
 d - 6 potions of might
 e - 21 potions of curing
 v - 2 potions of invisibility
 C - 2 potions of haste
 E - 6 potions of agility
 F - 8 potions of restore abilities
 H - 3 potions of flight
 O - 2 potions of cancellation
 R - 2 potions of resistance
Comestibles
 c - 19 meat rations
 i - 18 bread rations
 t - a royal jelly
 J - a slice of pizza


   Skills:
 + Level 24.2 Fighting
 - Level 22.0 Maces & Flails
 - Level 9.3 Throwing
 + Level 12.6 Armour
 + Level 20.7 Dodging


You had 21 spell levels left.
You didn't know any spells.

Dungeon Overview and Level Annotations

Branches:
Dungeon (15/15)            Temple (0/1) D:7            Lair (8/8) D:10
 Shoals (5/5) Lair:4       Spider (5/5) Lair:4        Slime (0/6) Lair:7
    Orc (4/4) D:12            Elf (0/3) Orc:4        Vaults (4/5) D:14
  Crypt (0/3) Vaults:3     Depths (5/5) D:15            Zot (0/5) Depths:5

Altars:
Dithmenos
Gozag
Okawaru
Qazlal
Ru
Sif Muna
Xom
Yredelemnul
Zin
Beogh
Lugonu

Shops:
D:2 *   D:5 (   Orc:1 (}   Orc:4 [%!}=:   Shoals:3 ?   Vaults:2 =
Vaults:3 :(!%!

Portals:
Hell: Depths:1 Depths:2 Depths:3 Depths:4 Depths:5
Abyss: Depths:4
Pandemonium: Depths:3 Depths:5
Ziggurat: Depths:4
Trove: Vaults:3 (give 5 potions of haste)

Annotations:
Vaults:4 Mennas
Depths:2 exclusion: oklob plant


Innate Abilities, Weirdness & Mutations

You are too large for most types of armour.
You have tough skin (AC +1).
You have very sharp teeth.
You are partially covered in large bone plates (AC +2, SH +2).
You have a somewhat thin skeletal structure (Dex +2, Stealth).
You tend to lose your temper in combat.
Your mind is acute. (Int +2)
Your flesh is heat resistant.
Your natural rate of healing is unusually fast.
You rapidly evolve.
You expend magic power (6 MP) to slightly strengthen your wands.


Message History

* * * LOW HITPOINT WARNING * * *
Mennas completely misses you.
Drink which item? (? for menu, Esc to quit)
You feel much better.
Mennas hits you with a long sword of holy wrath!!
* * * LOW HITPOINT WARNING * * *
Mennas completely misses you.
Your hill giant rages.
Mennas hits you with a long sword of holy wrath!
* * * LOW HITPOINT WARNING * * *
Mennas completely misses you.
Read which item? (? for menu, Esc to quit)
Magic scrolls do not work when you're silenced!
Mennas blocks your hill giant's attack.
Items here: ( )) [ an uncursed arbalest; 19 bolts; a dire flail; a ring mail You see here 3 bolts.
Mennas hits you but does no damage.
Mennas hits you with a long sword of holy wrath!!
You die...

#..#..# ##'#### #..'.#
#..####+## ##'##..#..# ...
#...'..+..# .....
#...####..# .....
###############'#####......
................@))........
................)A)........
...###############).......#
..÷'†.......######C.......+
...#...#........##........#
...######...#...##........#
...##...........##........#
...##.##....######........#
...##............#........#


You could see Mennas and a friendly hill giant (berserk).

Vanquished Creatures
  Jory (Depths:5)
  A bone dragon (Depths:5)
  Nikola (Spider:4)
  A lich (Depths:5)
  A kraken (Shoals:4)
  A tengu reaver (Depths:4)
  Agnes (Shoals:1)
  A shadow dragon (Depths:5)
  Roxanne (Spider:4)
  6 fire giants
  7 frost giants
  Wiglaf (Depths:3)
  6 ghost moths
  Louise (Shoals:1)
  A deep elf sorcerer (Vaults:3)
  10 emperor scorpions
  5 vault wardens
  A ghoul (Vaults:3)
  A draconian annihilator (Depths:5)
  6 very ugly things
  A spriggan defender (Depths:3)
  14 stone giants
  A black draconian (Depths:5)
  A grey draconian (Depths:5)
  A deep elf annihilator (Depths:2)
  Azrael (D:15)
  A purple draconian (Depths:5)
  A yellow draconian (Depths:5)
  3 dire elephants
  A vampire knight (Depths:5)
  5 ettins
  Snorg (D:15)
  7 minotaurs
  6 fire dragons
  9 merfolk impalers
  A merfolk javelineer (Shoals:5)
  8 yaktaur captains
  5 vault guards
  Josephine (Shoals:1)
  3 great orbs of eyes
  5 rakshasas
  11 ice dragons
  5 ironheart preservers
  8 hydras
  3 spriggan air magi
  4 merfolk avatars
  Erica (D:10)
  4 deep troll earth magi
  2 merfolk aquamancers
  9 centaur warriors
  3 deep troll shamans
  11 ogre magi
  A vampire mage (Depths:1)
  24 death yaks
  6 spriggan berserkers
  4 tengu warriors
  A fire crab (Vaults:3)
  A salamander mystic (Depths:4)
  4 catoblepae
  2 skeletal warriors (Vaults:3)
  3 iron trolls
  A putrid demonspawn (Depths:5)
  4 deep elf knights
  18 deep trolls
  3 giant orange brains
  An ice devil (Depths:5)
  2 flayed ghosts
  A hell beast (Depths:5)
  2 sea snakes
  A deep elf summoner (Vaults:3)
  7 unseen horrors
  3 ice statues
  4 spriggan druids (Depths:3)
  2 deep elf conjurers
  A small abomination (Vaults:3)
  9 fauns
  9 red wasps
  9 hill giants
  29 wolf spiders
  2 necromancers (Vaults:3)
  42 harpies
  6 orc knights
  A lindwurm (Lair:5)
  A stone giant zombie (Vaults:3)
  2 orc sorcerers
  3 orb spiders (shapeshifter)
  A wizard (Depths:1)
  An ugly thing zombie (D:15)
  11 griffons
  18 orb spiders
  58 ugly things
  8 ironbrand convokers
  3 phantasmal warriors
  A salamander (shapeshifter) (Depths:1)
  A tengu skeleton (Vaults:3)
  3 salamanders (Depths:4)
  8 elephants (Lair:8)
  A black mamba (shapeshifter) (Vaults:3)
  7 water nymphs
  2 moths of wrath
  12 cyclopes
  8 manticores
  8 sirens
  A fire giant skeleton (Vaults:3)
  A moth of wrath (shapeshifter) (Depths:3)
  7 black mambas
  2 orange demons
  Joseph (D:10)
  10 spiny frogs
  5 torpor snails
  2 gargoyles
  5 vault sentinels
  A guardian serpent (shapeshifter) (D:13)
  2 centaur skeletons (D:11)
  A queen ant (Lair:8)
  3 kobold demonologists
  14 komodo dragons
  2 yaktaurs (shapeshifter) (Vaults:2)
  A blue devil (Depths:5)
  3 deep elf priests
  An elf (shapeshifter) (Vaults:2)
  26 jumping spiders
  28 yaktaurs
  A merfolk skeleton (Shoals:1)
  A tengu conjurer (Shoals:2)
  2 fire drakes
  10 trolls
  The ghost of Fiveotanaka the Chopper, an average NaFi (D:3)
  2 freezing wraiths
  9 demonic crawlers
  23 merfolk
  A two-headed ogre (shapeshifter) (Depths:2)
  27 two-headed ogres
  An ettin zombie (Vaults:3)
  2 wind drakes
  A sphinx simulacrum (Vaults:2)
  7 boulder beetles
  4 deep elf magi
  13 ravens
  15 blink frogs
  6 snapping turtles
  7 air elementals
  4 basilisks
  15 spriggans (Depths:3)
  A baby alligator (shapeshifter) (Depths:1)
  23 slime creatures
  16 trapdoor spiders
  25 tarantellas
  A shadow (D:13)
  4 wraiths
  A spriggan (shapeshifter) (Vaults:2)
  10 water elementals
  A wyvern (D:14)
  3 vampires
  59 yaks
  Eustachio (Orc:2)
  44 redbacks
  9 hippogriffs
  2 steam dragons
  Grum (D:12)
  5 deep elf fighters
  2 fire elementals (D:15)
  A hungry ghost (D:11)
  20 vampire mosquitoes
  Menkaure (Ossuary)
  A water nymph zombie (Shoals:1)
  18 wolves
  A deep troll zombie (Vaults:3)
  5 hell hounds (D:15)
  9 porcupines
  4 mottled dragons
  3 wargs
  2 eyes of draining (shapeshifter)
  17 water moccasins
  5 sky beasts
  An eye of draining (D:15)
  34 spiders
  A yellow wasp (shapeshifter) (D:9)
  3 phantoms
  A black bear (Lair:4)
  9 soldier ants (Lair:8)
  4 yellow wasps
  2 merfolk zombies (Shoals:1)
  17 centaurs
  22 orc warriors
  5 boring beetles
  34 ice beasts
  60 ogres
  3 necrophages
  14 giant frogs
  3 big kobolds
  2 elf zombies
  14 crocodiles
  A brain worm (D:12)
  A gnoll sergeant (D:10)
  13 scorpions
  A cyclops skeleton (D:9)
  5 elf skeletons
  4 killer bees (D:11)
  16 jellies
  8 wights
  A hippogriff zombie (D:7)
  2 yak skeletons
  A human simulacrum (Vaults:3)
  An electric eel (Spider:2)
  A crimson imp (D:10)
  A centaur zombie (Ossuary)
  2 goliath beetles (D:6)
  12 hounds
  36 worker ants
  2 human zombies
  5 iguanas
  22 orc priests
  27 orc wizards
  2 orange rats (Vaults:3)
  3 human skeletons
  A giant frog skeleton (D:6)
  A killer bee zombie (D:10)
  4 ogre zombies (Ossuary)
  An elf simulacrum (D:14)
  20 sheep
  A hound skeleton (D:4)
  9 mummies
  32 adders
  13 gnolls
  52 green rats
  4 shadow imps
  A giant mite (D:10)
  A white imp (Depths:1)
  2 worms
  An ufetubus (Depths:3)
  2 adder zombies (Ossuary)
  2 iguana skeletons
  3 giant geckos
  18 oozes
  158 orcs
  9 giant cockroaches
  A gnoll zombie (Ossuary)
  15 goblins
  16 hobgoblins
  5 jackals
  12 quokkas
  A ball python (D:2)
  9 bats
  7 giant newts
  7 goblin zombies (Ossuary)
  A hobgoblin skeleton (D:4)
  6 hobgoblin zombies (Ossuary)
  32 kobolds
  A kobold zombie (Ossuary)
  3 orc skeletons
  2 orc zombies
  4 quokka zombies (Ossuary)
  15 rats
  3 rat zombies (Ossuary)
  A ballistomycete (D:9)
  2 crawling corpses (Vaults:2)
  2 fungi
  4 plants
  A tentacle (Shoals:4)
  A tentacle segment (Shoals:4)
1996 creatures vanquished.

Vanquished Creatures (collateral kills)
  A fire dragon (Depths:3)
  2 death yaks (Lair:8)
  A kraken simulacrum (Shoals:1)
  A black mamba (Lair:8)
  A sea snake zombie (Shoals:1)
  A water nymph zombie (Shoals:1)
  A harpy simulacrum (Shoals:1)
  An ogre (D:9)
  A sky beast (D:9)
  A fungus (Lair:8)
  A tentacle (Shoals:1)
12 creatures vanquished.

Vanquished Creatures (others)
  2 fire giants
  A hill giant (Spider:5)
  5 drowned souls (Shoals:2)
  2 redbacks
  2 giant spores
  8 fungi
  5 plants
  9 tentacles
  510 tentacle segments
544 creatures vanquished.

Grand Total: 2552 creatures vanquished

Notes
Turn   | Place    | Note
--------------------------------------------------------------
     0 | D:1      | Fiveotanaka, the Ogre Berserker, began the quest for the Orb.
     0 | D:1      | Reached XP level 1. HP: 24/24 MP: 1/1
   273 | D:1      | Reached XP level 2. HP: 30/33 MP: 2/2
   567 | D:2      | Found an opulent altar of Gozag.
   619 | D:2      | Reached XP level 3. HP: 31/40 MP: 3/3
   626 | D:2      | Acquired Trog's second power
  1136 | D:2      | Found Gozag's Platinum Reserve.
  1447 | D:3      | Reached skill level 5 in Maces & Flails
  1655 | D:3      | Reached skill level 5 in Fighting
  1711 | D:3      | Reached XP level 4. HP: 50/50 MP: 4/4
  1914 | D:3      | Noticed Fiveotanaka's ghost (average NaFi)
  2395 | D:3      | Killed Fiveotanaka's ghost
  2395 | D:3      | Reached skill level 6 in Fighting
  2395 | D:3      | Reached XP level 5. HP: 53/59 MP: 5/5
  2395 | D:3      | Reached XP level 6. HP: 60/67 MP: 6/6
  2526 | D:3      | Noticed a phantom
  2571 | D:3      | Killed a phantom
  2919 | D:4      | Noticed an ogre
  2929 | D:4      | Killed an ogre
  2929 | D:4      | Reached XP level 7. HP: 62/76 MP: 7/7
  3367 | D:4      | Reached skill level 7 in Maces & Flails
  3873 | D:4      | Found a glowing silver altar of Zin.
  3877 | D:4      | Found a deep blue altar of Sif Muna.
  4212 | D:4      | Reached skill level 5 in Dodging
  4336 | D:5      | Entered Level 5 of the Dungeon
  4351 | D:5      | Found Wunis' Antique Weapon Shop.
  4374 | D:5      | Bought a steaming mace for 224 gold pieces
  4375 | D:5      | Identified the +8 mace "Plarhad" {crush, rN+ SInv} (You bought it in a shop on level 5 of the Dungeon)
  4463 | D:5      | Found a shimmering altar of Xom.
  4565 | D:5      | Reached XP level 8. HP: 69/84 MP: 8/8
  4586 | D:5      | Reached skill level 8 in Maces & Flails
  4627 | D:5      | Found a sand-covered staircase.
  4735 | Ossuary  | Entered an ossuary
  4849 | Ossuary  | Noticed Menkaure
  4860 | Ossuary  | Killed Menkaure
  5238 | Ossuary  | Reached skill level 9 in Maces & Flails
  5739 | D:5      | Found a sacrificial altar of Ru.
  5957 | D:5      | Noticed a two-headed ogre
  5987 | D:5      | Killed a two-headed ogre
  5987 | D:5      | Reached skill level 10 in Maces & Flails
  5987 | D:5      | Reached XP level 9. HP: 97/97 MP: 9/9
  6990 | D:6      | Acquired Trog's third power
  7033 | D:6      | Received a gift from Trog
  7108 | D:6      | Reached skill level 11 in Maces & Flails
  7465 | D:7      | Found a stormy altar of Qazlal.
  8119 | D:7      | Reached XP level 10. HP: 109/109 MP: 10/10
  8154 | D:7      | Found a staircase to the Ecumenical Temple.
  8589 | D:8      | Reached skill level 10 in Fighting
  8727 | D:8      | Reached skill level 12 in Maces & Flails
  9066 | D:8      | Found a shadowy altar of Dithmenos.
  9936 | D:9      | Noticed a green ugly thing
 10142 | D:9      | Killed a green ugly thing
 10158 | D:9      | Noticed a yaktaur captain
 10173 | D:9      | Killed a yaktaur captain
 10199 | D:9      | Received a gift from Trog
 10202 | D:9      | Reached XP level 11. HP: 40/120 MP: 11/11
 10582 | D:9      | Reached skill level 13 in Maces & Flails
 10851 | D:9      | Noticed a hill giant
 10861 | D:9      | Killed a hill giant
 11377 | D:10     | Entered Level 10 of the Dungeon
 11377 | D:10     | Noticed Erica
 11377 | D:10     | Noticed a hill giant
 11619 | D:10     | Killed a hill giant
 11619 | D:10     | Reached skill level 10 in Dodging
 11648 | D:10     | Killed Erica
 12039 | D:10     | Found a staircase to the Lair.
 12039 | D:10     | Noticed Joseph
 12078 | D:10     | Killed Joseph
 12537 | D:10     | Received a gift from Trog
 12872 | Lair:1   | Entered Level 1 of the Lair of Beasts
 12971 | Lair:1   | Reached skill level 14 in Maces & Flails
 14363 | Lair:2   | Found a frozen archway.
 14387 | Lair:2   | Reached XP level 12. HP: 35/132 MP: 12/12
 14720 | IceCv    | Entered an ice cave
 14899 | IceCv    | Reached skill level 15 in Maces & Flails
 15315 | IceCv    | Noticed an ice dragon
 15319 | IceCv    | Noticed an ice dragon
 15328 | IceCv    | Killed an ice dragon
 15335 | IceCv    | Killed an ice dragon
 15441 | IceCv    | Got a vibrating bronze ring
 15454 | IceCv    | Identified the ring "Greusicy" {rElec rPois rF+ EV+3 Stlth-} (You found it in an ice cave)
 15766 | Lair:2   | Received a gift from Trog
 16045 | Lair:2   | Reached skill level 16 in Maces & Flails
 16687 | Lair:2   | Noticed an eight-headed hydra
 16713 | Lair:2   | Killed an eight-headed hydra
 17572 | Lair:3   | Reached XP level 13. HP: 125/140 MP: 13/13
 17751 | Lair:3   | Reached skill level 17 in Maces & Flails
 17811 | Lair:3   | Received a gift from Trog
 18268 | Lair:4   | Found a staircase to the Shoals.
 18356 | Lair:4   | Reached skill level 5 in Armour
 18403 | Lair:4   | Received a gift from Trog
 18426 | Lair:4   | Got a shimmering giant spiked club {god gift}
 18427 | Lair:4   | Identified the +5 giant spiked club "Wix Tamu" {freeze, rC+} (Trog gifted it to you on level 4 of the Lair of Beasts)
 18507 | Lair:4   | Found a hole to the Spider Nest.
 19136 | Lair:5   | Received a gift from Trog
 19139 | Lair:5   | Got a crystal giant club {god gift}
 19140 | Lair:5   | Identified the +2 giant club "Itifevej" {venom, Str-1 Dex+2} (Trog gifted it to you on level 5 of the Lair of Beasts)
 19365 | Lair:5   | Reached skill level 18 in Maces & Flails
 20643 | Lair:6   | Reached XP level 14. HP: 147/149 MP: 14/14
 20951 | Lair:7   | Received a gift from Trog
 21118 | Lair:7   | Reached skill level 19 in Maces & Flails
 21460 | Lair:7   | Found a staircase to the Slime Pits.
 22180 | Lair:8   | Entered Level 8 of the Lair of Beasts
 22223 | Lair:8   | Received a gift from Trog
 22288 | Lair:8   | Found a labyrinth entrance.
 22306 | Lair:8   | Reached skill level 20 in Maces & Flails
 22558 | Lab      | Entered a labyrinth
 23295 | Lab      | Got an encrusted lajatang {flame}
 23296 | Lab      | Identified the +9 lajatang of the Enemy {flame, rC+} (You took it off a minotaur in a labyrinth)
 23304 | Lab      | Got a crude wooden ring
 23305 | Lab      | Got a fine robe
 23307 | Lab      | Identified the ring "Dupuulle" {Contam Int+3} (You found it in a labyrinth)
 23490 | Lair:8   | Received a gift from Trog
 24470 | Lair:8   | Reached XP level 15. HP: 139/156 MP: 15/15
 24481 | Lair:8   | Reached skill level 21 in Maces & Flails
 24731 | Lair:8   | Received a gift from Trog
 24734 | Lair:8   | Got a dazzling giant spiked club {god gift}
 24736 | Lair:8   | Identified 2 scrolls of acquirement
 24744 | Lair:8   | Got a jewelled cloak
 24755 | Lair:8   | Identified the +0 cloak of Melancholy {Str+3 Dex-4} (You acquired it on level 8 of the Lair of Beasts)
 25823 | D:11     | Gained mutation: You tend to lose your temper in combat. [mutagenic meat]
 25861 | D:11     | Gained mutation: You possess an exceptional clarity of mind. [mutagenic meat]
 25862 | D:11     | Gained mutation: Your mind is acute. (Int +2) [mutagenic meat]
 25905 | D:11     | Received a gift from Trog
 25928 | D:11     | Identified the +6 giant spiked club "Twedaq" {flame, +Rage} (Trog gifted it to you on level 8 of the Lair of Beasts)
 26475 | D:12     | Noticed Grum
 26482 | D:12     | Killed Grum
 26485 | D:12     | Received a gift from Trog
 26682 | D:12     | Found a roughly hewn altar of Beogh.
 26682 | D:12     | Found a staircase to the Orcish Mines.
 27270 | D:12     | Received a gift from Trog
 27273 | D:12     | Got a smoking giant club {god gift}
 27274 | D:12     | Identified the +2 giant club of Ciprogik {crush, Noisy rElec rC+ Str+3 SInv} (Trog gifted it to you on level 12 of the Dungeon)
 27312 | Orc:1    | Entered Level 1 of the Orcish Mines
 27318 | Orc:1    | Found Goiggapn's Antique Weapon Emporium.
 27388 | Orc:1    | Reached skill level 22 in Maces & Flails
 27479 | Orc:1    | Found Amik's Quality Used Wands.
 27652 | Orc:2    | Noticed Eustachio
 27656 | Orc:2    | Killed Eustachio
 27867 | Orc:3    | Received a gift from Trog
 28546 | Orc:4    | Entered Level 4 of the Orcish Mines
 28638 | Orc:3    | Received a gift from Trog
 28645 | Orc:3    | Got a pitted giant club {god gift}
 28662 | Orc:3    | Identified the +8 giant club of the Crypt {crush, rC+ MR+} (Trog gifted it to you on level 3 of the Orcish Mines)
 29807 | Orc:4    | Received a gift from Trog
 29837 | Orc:4    | Found Truunyq's Distillery.
 29847 | Orc:4    | Found Prizaydung's Armour Emporium.
 29850 | Orc:4    | Bought a potion of brilliance for 60 gold pieces
 29853 | Orc:4    | Found Daaqy's Food Boutique.
 29855 | Orc:4    | Found Pluxonemp's Gadget Shop.
 29928 | Orc:4    | Found a staircase to the Elven Halls.
 29961 | Orc:4    | Bought a potion of beneficial mutation for 525 gold pieces
 30165 | Orc:4    | Found Jekewungevo's Book Boutique.
 30182 | Orc:4    | Found Braito's Jewellery Shop.
 30212 | Orc:4    | Bought a cursed amulet of inaccuracy for 26 gold pieces
 30552 | Orc:4    | Bought a wand of digging (14) for 648 gold pieces
 30640 | Orc:2    | Received a gift from Trog
 31253 | D:13     | Received a gift from Trog
 31253 | D:13     | Reached XP level 16. HP: 165/170 MP: 16/16
 31266 | D:13     | Got a slimy giant spiked club {god gift}
 31267 | D:13     | Identified the +5 giant spiked club of Diyrun {freeze, Dex+2 SInv} (Trog gifted it to you on level 13 of the Dungeon)
 31780 | D:14     | Found a gate to the Vaults.
 31915 | D:14     | Gained mutation: You are partially covered in large bone plates (AC +2, SH +2). [mutagenic meat]
 31916 | D:14     | Lost mutation: You possess an exceptional clarity of mind. [mutagenic meat]
 31917 | D:14     | Lost mutation: Your mind is acute. (Int +2) [mutagenic meat]
 31918 | D:14     | Gained mutation: You have a somewhat thin skeletal structure (Dex +2, Stealth). [mutagenic meat]
 31919 | D:14     | Gained mutation: You have large cloven feet. [mutagenic meat]
 31920 | D:14     | Lost mutation: You tend to lose your temper in combat. [mutagenic meat]
 31922 | D:14     | Gained mutation: Your spells are a little easier to cast, but a little less powerful. [mutagenic meat]
 32213 | D:14     | Received a gift from Trog
 32251 | D:14     | Got a faintly glowing giant club {god gift}
 32265 | D:14     | Identified the +7 giant club of Ehabucub {crush, rN+ Stlth--} (Trog gifted it to you on level 14 of the Dungeon)
 32893 | D:15     | Entered Level 15 of the Dungeon
 32895 | D:15     | Found a basalt altar of Yredelemnul.
 32911 | D:15     | Noticed Snorg
 32918 | D:15     | Killed Snorg
 32918 | D:15     | Reached skill level 15 in Fighting
 32927 | D:15     | Reached skill level 15 in Dodging
 32944 | D:15     | Received a gift from Trog
 33035 | D:15     | Noticed Azrael
 33043 | D:15     | Killed Azrael
 33234 | D:15     | Gained mutation: Your body is slowly deteriorating. [mutagenic meat]
 33236 | D:15     | Gained mutation: You possess an exceptional clarity of mind. [mutagenic meat]
 33238 | D:15     | Gained mutation: You are dopey. (Int -2) [mutagenic meat]
 33240 | D:15     | Gained mutation: You have very sharp teeth. [mutagenic meat]
 33241 | D:15     | Gained mutation: You are mostly covered in large bone plates (AC +3, SH +3). [mutagenic meat]
 33376 | D:15     | Received a gift from Trog
 33386 | D:15     | Got a brightly glowing giant club {god gift}
 33387 | D:15     | Identified the +7 giant club "Shruel" {crush, Stlth+} (Trog gifted it to you on level 15 of the Dungeon)
 33401 | D:15     | Gained mutation: You have a pair of small horns on your head. [mutagenic meat]
 33402 | D:15     | Gained mutation: You are agile. (Dex +2) [mutagenic meat]
 33860 | D:15     | Gained mutation: Your system is resistant to poisons. [mutagenic meat]
 33862 | D:15     | Lost mutation: Your body is slowly deteriorating. [mutagenic meat]
 33864 | D:15     | Gained mutation: You have sharp fingernails. [mutagenic meat]
 33865 | D:15     | Lost mutation: Your spells are a little easier to cast, but a little less powerful. [mutagenic meat]
 33998 | D:15     | Found a staircase to the Depths.
 34100 | Depths:1 | Entered Level 1 of the Depths
 34570 | Depths:1 | Reached XP level 17. HP: 187/189 MP: 17/17
 34749 | Depths:1 | Gained mutation: Your muscles are strong. (Str +2) [potion of beneficial mutation]
 34753 | Depths:1 | Gained mutation: Your flesh is heat resistant. [mutagenic meat]
 34756 | Depths:1 | Lost mutation: Your muscles are strong. (Str +2) [mutagenic meat]
 34758 | Depths:1 | Gained mutation: You are weak. (Str -2) [mutagenic meat]
 34795 | Depths:1 | Received a gift from Trog
 35105 | Depths:1 | Found a gateway to Hell.
 35571 | Depths:1 | Gained mutation: You can spit poison. [mutagenic meat]
 35573 | Depths:1 | Lost mutation: You have a pair of small horns on your head. [mutagenic meat]
 35576 | Depths:1 | Lost mutation: You can spit poison. [mutagenic meat]
 35577 | Depths:1 | Gained mutation: Your natural rate of healing is unusually fast. [mutagenic meat]
 35578 | Depths:1 | Lost mutation: You have large cloven feet. [mutagenic meat]
 36335 | Depths:2 | Received a gift from Trog
 36619 | Depths:2 | Reached skill level 10 in Armour
 36863 | Depths:2 | Lost mutation: You are dopey. (Int -2) [mutagenic meat]
 36865 | Depths:2 | Gained mutation: You are robust (+10% HP). [mutagenic meat]
 36872 | Depths:2 | Gained mutation: You can translocate small distances at will. [mutagenic meat]
 37173 | Depths:2 | Received a gift from Trog
 37524 | Depths:2 | Reached XP level 18. HP: 221/221 MP: 18/18
 37539 | Depths:2 | Lost mutation: You are robust (+10% HP). [mutagenic meat]
 37544 | Depths:2 | Gained mutation: Your magical capacity is low (-10% MP). [mutagenic meat]
 37545 | Depths:2 | Lost mutation: You can translocate small distances at will. [mutagenic meat]
 37546 | Depths:2 | Lost mutation: You are agile. (Dex +2) [mutagenic meat]
 37547 | Depths:2 | Gained mutation: You evolve. [mutagenic meat]
 37548 | Depths:2 | Lost mutation: You evolve. [mutagenic meat]
 38036 | Depths:3 | Gained mutation: You expend magic power (6 MP) to slightly strengthen your wands. [mutagenic meat]
 38037 | Depths:3 | Gained mutation: You can spit poison. [mutagenic meat]
 38038 | Depths:3 | Gained mutation: Your mind is acute. (Int +2) [mutagenic meat]
 38040 | Depths:3 | Lost mutation: You can spit poison. [mutagenic meat]
 38116 | Depths:3 | Noticed Wiglaf
 38124 | Depths:3 | Killed Wiglaf
 38177 | Depths:3 | Found a one-way gate leading to the halls of Pandemonium.
 38339 | Depths:3 | Received a gift from Trog
 38695 | Depths:3 | Received a gift from Trog
 38712 | Depths:3 | Lost mutation: You have sharp fingernails. [mutagenic meat]
 38713 | Depths:3 | Lost mutation: You are mostly covered in large bone plates (AC +3, SH +3). [mutagenic meat]
 38716 | Depths:3 | Lost mutation: You possess an exceptional clarity of mind. [mutagenic meat]
 39488 | Depths:4 | Found a gateway to a ziggurat.
 39542 | Depths:4 | Received a gift from Trog
 39547 | Depths:4 | Got a polished great mace {god gift}
 40086 | Depths:4 | Found a corrupted altar of Lugonu.
 40086 | Depths:4 | Found a one-way gate to the infinite horrors of the Abyss.
 40105 | Depths:4 | Reached XP level 19. HP: 191/218 MP: 16/16
 40400 | Depths:4 | Received a gift from Trog
 40634 | Depths:5 | Entered Level 5 of the Depths
 40828 | Depths:5 | Noticed Jory
 40849 | Depths:5 | Killed Jory
 41349 | Depths:5 | Noticed a lich
 41352 | Depths:5 | Killed a lich
 42268 | Depths:5 | Noticed a bone dragon
 42297 | Depths:5 | Killed a bone dragon
 42498 | Depths:5 | Found a gate to the Realm of Zot.
 43143 | D:12     | Received a gift from Trog
 43253 | Lair:1   | Identified the +12 great mace "Leecelef" {crush, Int+2} (Trog gifted it to you on level 4 of the Depths)
 43433 | Spider:1 | Entered Level 1 of the Spider Nest
 43603 | Spider:1 | Received a gift from Trog
 44075 | Spider:2 | Received a gift from Trog
 44320 | Spider:2 | Reached XP level 20. HP: 234/234 MP: 17/17
 45063 | Spider:3 | Received a gift from Trog
 45066 | Spider:3 | Got a smoking giant spiked club {god gift}
 45614 | Spider:4 | Received a gift from Trog
 45620 | Spider:4 | Identified the +5 giant spiked club "Mnudodyohe" {freeze, rC++} (Trog gifted it to you on level 3 of the Spider Nest)
 45700 | Spider:4 | Noticed Nikola
 45741 | Spider:4 | Killed Nikola
 45742 | Spider:4 | HP: 10/236 [disintegration (43)]
 45761 | Spider:4 | HP: 7/236 [disintegration (24)]
 46016 | Spider:4 | Noticed Roxanne
 46036 | Spider:4 | Killed Roxanne
 46186 | Spider:4 | Reached skill level 1 in Throwing
 46410 | Spider:5 | Entered Level 5 of the Spider Nest
 46431 | Spider:5 | Received a gift from Trog
 46939 | Spider:5 | Received a gift from Trog
 47567 | Spider:5 | Got a gossamer rune of Zot
 47667 | Spider:4 | Received a gift from Trog
 47847 | Shoals:1 | Entered Level 1 of the Shoals
 47890 | Shoals:1 | Noticed Louise
 47892 | Shoals:1 | Noticed Agnes
 47902 | Shoals:1 | Killed Agnes
 47905 | Shoals:1 | Killed Louise
 47985 | Shoals:1 | Noticed Josephine
 48002 | Shoals:1 | Killed Josephine
 48262 | Shoals:1 | Got a crude crystal amulet
 48523 | Shoals:2 | Reached skill level 5 in Throwing
 48523 | Shoals:2 | Reached XP level 21. HP: 243/248 MP: 18/18
 48531 | Shoals:2 | Reached skill level 23 in Fighting
 48572 | Shoals:2 | Received a gift from Trog
 48730 | Shoals:2 | Received a gift from Trog
 48738 | Shoals:2 | Got a pitted giant club {god gift}
 48830 | Shoals:2 | Identified the +6 giant club of Zeos {crush, *Tele Int+1 Stlth+} (Trog gifted it to you on level 2 of the Shoals)
 50113 | Shoals:3 | Found Shyojoupt's Magic Scroll Shoppe.
 50126 | Shoals:3 | Bought a scroll of identify for 22 gold pieces
 50126 | Shoals:3 | Bought a scroll of identify for 22 gold pieces
 50126 | Shoals:3 | Bought a scroll of fog for 22 gold pieces
 50126 | Shoals:3 | Bought a scroll of identify for 22 gold pieces
 50131 | Shoals:3 | Identified the amulet "Schoit" {Ward rElec rN++} (You acquired it on level 1 of the Shoals)
 50708 | Shoals:4 | Received a gift from Trog
 50949 | Shoals:5 | Entered Level 5 of the Shoals
 51947 | Shoals:5 | Received a gift from Trog
 52071 | Shoals:5 | Got a barnacled rune of Zot
 52757 | Vaults:1 | Entered Level 1 of the Vaults
 53323 | Vaults:1 | Lost mutation: Your magical capacity is low (-10% MP). [mutagenic meat]
 53324 | Vaults:1 | Gained mutation: You evolve. [mutagenic meat]
 53501 | Vaults:1 | Received a gift from Trog
 54240 | Vaults:2 | Gained mutation: You rapidly evolve. [mutagenic meat]
 54409 | Vaults:2 | Received a gift from Trog
 54412 | Vaults:2 | Got a crystal great mace {god gift}
 54418 | Vaults:2 | Identified the +11 great mace "Duteqef" {vamp, rElec rC+} (Trog gifted it to you on level 2 of the Vaults)
 54438 | Vaults:2 | Found Pezaoxuf's Jewellery Boutique.
 54445 | Vaults:2 | Bought a cursed -2 ring of dexterity for 32 gold pieces
 54537 | Vaults:2 | Reached skill level 24 in Fighting
 54570 | Vaults:2 | Reached XP level 22. HP: 246/262 MP: 20/20
 54784 | Vaults:2 | Found an iron altar of Okawaru.
 55510 | Vaults:3 | Lost mutation: Your system is resistant to poisons. [mutagenic meat]
 55511 | Vaults:3 | Gained mutation: Your flesh is very heat resistant. [mutagenic meat]
 55579 | Vaults:3 | Received a gift from Trog
 55621 | Vaults:3 | Found Joymoapt's Distillery.
 55622 | Vaults:3 | Found a portal to a secret trove of treasure.
 55970 | Vaults:3 | Gained mutation: Potions and wands are less effective at restoring your health. [mutagenic meat]
 55971 | Vaults:3 | Gained mutation: You tend to lose your temper in combat. [mutagenic meat]
 55972 | Vaults:3 | Lost mutation: Potions and wands are less effective at restoring your health. [mutagenic meat]
 55994 | Vaults:3 | Found Klea's Weapon Emporium.
 56111 | Vaults:3 | Found Peejez's Distillery.
 56129 | Vaults:3 | Found a glowing silver altar of Zin.
 56132 | Vaults:3 | Found Twoasab's Food Boutique.
 56213 | Vaults:3 | Found Rybiyna's Book Boutique.
 56263 | Vaults:3 | Found a staircase to the Crypt.
 56504 | Vaults:3 | Received a gift from Trog
 57255 | Vaults:4 | Lost mutation: You are weak. (Str -2) [mutagenic meat]
 57256 | Vaults:4 | Lost mutation: Your flesh is very heat resistant. [mutagenic meat]
 57275 | Vaults:4 | Noticed Mennas
 57308 | Vaults:4 | HP: 7/263 [Mennas/long sword of holy wrath (14)]
 57314 | Vaults:4 | HP: 2/263 [Mennas/long sword of holy wrath (9)]
 57320 | Vaults:4 | Demolished by Mennas

Action                   |  1- 3 |  4- 6 |  7- 9 | 10-12 | 13-15 | 16-18 | 19-21 | 22-24 || total
-------------------------+-------+-------+-------+-------+-------+-------+-------+-------++-------
Melee: Mace              |   126 |    73 |   464 |   268 |       |       |       |       ||   931
       Morningstar       |       |       |       |   476 |       |       |       |       ||   476
       Great mace        |       |       |       |    84 |   123 |       |    43 |    11 ||   261
       Giant spiked club |       |       |       |       |  1149 |  1005 |  1486 |   312 ||  3952
       Giant club        |       |       |       |       |    57 |    80 |     8 |       ||   145
Throw: Large rock        |       |       |       |       |       |       |    28 |    23 ||    51
Invok: Berserk           |       |     1 |     1 |     5 |     2 |     2 |     4 |     1 ||    16
       Brothers in Arms  |       |       |       |     1 |     1 |       |     3 |     1 ||     6
       Trog's Hand       |       |       |       |       |     1 |       |     1 |       ||     2
Evoke: Wand              |       |       |       |       |       |     1 |       |       ||     1
  Use: Scroll            |       |     4 |     8 |    14 |    11 |     4 |    10 |     3 ||    54
       Potion            |       |       |       |     4 |     4 |     1 |     3 |     7 ||    19
 Stab: Sleeping          |     2 |     1 |     7 |     1 |       |       |       |       ||    11
       Distracted        |       |       |       |       |       |     1 |       |       ||     1
  Eat: Chunk             |     3 |     2 |     6 |    27 |    45 |    99 |    41 |    18 ||   241
       Bread ration      |       |     1 |     1 |     2 |       |       |       |       ||     4
       Meat ration       |       |       |     1 |       |     1 |     1 |     2 |       ||     5
       Pizza             |       |       |       |       |       |     2 |       |       ||     2
       Beef jerky        |       |       |       |       |       |     1 |     3 |       ||     4
       Royal jelly       |       |       |       |       |       |     1 |       |       ||     1
       Fruit             |       |       |       |       |       |     4 |     2 |       ||     6
